 Dungeon Crawl Stone Soup version 0.21.1-1-g345015f (webtiles) character file.

28293 tognito the Executioner (level 13, -8/95 HPs)
             Began as a Minotaur Berserker on June 17, 2018.
             Was a High Priest of Trog.
             Splashed by an oklob plant's acid (14 damage)
             ... on level 3 of the Lair of Beasts.
             The game lasted 00:31:03 (12954 turns).

tognito the Executioner (Minotaur Berserker)       Turns: 12954, Time: 00:31:04

Health: -8/95      AC:  6    Str: 27    XL:     13   Next: 9%
Magic:  12/12      EV: 10    Int:  4    God:    Trog [*****.]
Gold:   991        SH:  0    Dex: 12    Spells: 12/12 levels left

rFire    . . .     SeeInvis +   a - +2 executioner's axe (drain)
rCold    . . .     Gourm    +   (shield currently unavailable)
rNeg     . . .     Faith    .   B - +0 plate armour
rPois    +         Spirit   .   x - +2 hat
rElec    .         Reflect  .   r - +1 cloak {rPois}
rCorr    .         Harm     .   f - +0 pair of gloves (curse)
MR       .....                  (no boots)
Stlth    ..........             j - amulet of the gourmand
HPRegen  0.25/turn              h - ring of see invisible
MPRegen  0.13/turn              y - ring of poison resistance

@: corroded
A: retaliatory headbutt, hooves 1, horns 2, repulsion field 1, icy blue scales
1, agile 1
a: Berserk, Trog's Hand, Brothers in Arms, Burn Spellbooks, Renounce Religion


You were on level 3 of the Lair of Beasts.
You worshipped Trog.
Trog was extremely pleased with you.
You were not hungry.

You visited 2 branches of the dungeon, and saw 13 of its levels.
You also visited: Sewer.

You collected 991 gold pieces.

Inventory:

Hand Weapons
 a - a +2 executioner's axe of draining (weapon)
 b - a +0 shortbow
 v - a +0 battleaxe
 A - a +6 broad axe of distortion
 D - a +6 hand axe of freezing
Missiles
 d - 231 arrows
 q - 93 bolts
Armour
 f - a cursed +0 pair of gloves (worn)
 r - a +1 cloak of poison resistance (worn)
 x - a +2 hat (worn)
 B - a +0 plate armour (worn)
Jewellery
 h - a ring of see invisible (left hand)
 j - an amulet of the gourmand (around neck)
 y - a ring of poison resistance (right hand)
Wands
 i - a wand of polymorph (14)
 k - a wand of paralysis (7)
 l - a wand of enslavement (18)
 o - a wand of iceblast (14)
 u - a wand of flame (26)
Scrolls
 e - 8 scrolls of remove curse
 n - 10 scrolls of identify
 t - a scroll of fear
 C - a scroll of teleportation
Potions
 g - 3 potions of might
 m - a potion of flight
 p - 2 potions of brilliance
 s - 2 potions of invisibility
 w - 3 potions of haste
 z - 2 potions of heal wounds
Miscellaneous
 E - a lightning rod (4/4)
Comestibles
 c - 22 rations


   Skills:
 - Level 3.6 Fighting
 + Level 23.3 Axes
 - Level 1.9 Bows
 - Level 2.4 Armour
 - Level 2.1 Dodging


You had 12 spell levels left.
You didn't know any spells.

Dungeon Overview and Level Annotations

Branches:
Dungeon (10/15)            Temple (0/1) D:6            Lair (3/6) D:10
 Spider (0/4) Lair:3
  Swamp: Lair:2-4    Shoals: Lair:2-4       Orc: D:9-12

Altars:
Ashenzari
Cheibriados
Dithmenos
Elyvilon
Gozag
Makhleb
Nemelex Xobeh
Okawaru
Trog
Vehumet
Wu Jian

Shops:
D:6 %   D:9 *   D:10 *

Annotations:
Lair:3 exclusion: oklob plant


Innate Abilities, Weirdness & Mutations

You reflexively headbutt those who attack you in melee.
You have a pair of horns on your head.
You have large cloven feet.
You are surrounded by a mild repulsion field. (EV +2)
You are partially covered in icy blue scales. (AC +2)
You are agile. (Dex +2)


Message History

You hit the oklob plant but do no damage.
You kick the oklob plant.
The oklob plant is almost destroyed.
Unknown command.
You hit the oklob plant but do no damage.
You kick the oklob plant, but do no damage.
You headbutt the oklob plant, but do no damage.
The oklob plant is almost destroyed.
You slash the oklob plant!
You destroy the oklob plant!
Trog accepts your kill.
You hit the oklob plant.
You kick the oklob plant, but do no damage.
You headbutt the oklob plant.
The oklob plant is lightly damaged.
The oklob plant spits acid at you. The splash of acid hits you!
* * * LOW HITPOINT WARNING * * *
You are splashed with acid!
The acid burns!
You die...

......##
.......##
......#.#
......[##
......#.#
......### ###
......#
##.######
......#
##..P/)?P#
##.#+.#
##......@.#
#...##
#.......).#
#...#
##...P($.?#
#.###
#....######
##+.#####.###.#
..........# #.#
...)......# ##
........###
.........#


You could see an oklob plant.

Vanquished Creatures
  3 two-headed ogres
  2 hydras
  The ghost of Hebeh the Cleaver, a novice DDFi of Makhleb (D:8)
  Nergalle (Lair:2)
  An orb spider (Lair:3)
  2 oklob plants (Lair:3)
  Maurice (D:8)
  4 elephants (Lair:3)
  The ghost of Jaiteiro the Archer, a novice CeHu of Okawaru (D:5)
  6 spiny frogs
  A komodo dragon (Lair:2)
  A kobold demonologist (D:10)
  A troll (D:10)
  5 polar bears
  3 blink frogs (Lair:2)
  A hornet (D:8)
  4 dream sheep (Lair:2)
  7 hippogriffs
  12 yaks
  A wyvern (Lair:2)
  4 basilisks
  A hungry ghost (D:10)
  4 water moccasins
  8 porcupines
  5 orc warriors
  3 phantoms
  8 black bears
  2 ice beasts
  5 sky beasts
  A hornet zombie (D:7)
  3 centaurs
  3 ogres
  4 crocodiles
  3 big kobolds
  A wyvern zombie (D:10)
  19 bullfrogs
  A wyvern skeleton (D:8)
  3 scorpions
  5 killer bees (D:10)
  11 wights
  6 howler monkeys
  4 bullfrog zombies
  5 crimson imps
  5 hounds
  A jelly (D:8)
  4 orc priests
  2 bullfrog skeletons
  5 iguanas
  Ijyb (D:5)
  6 orc wizards
  13 worker ants
  A killer bee zombie (D:9)
  2 hound zombies
  A hound skeleton (D:10)
  A howler monkey zombie (D:5)
  4 gnolls (D:4)
  18 adders
  2 shadow imps
  10 oozes
  2 adder skeletons
  4 dart slugs
  8 worms
  19 leopard geckos
  37 orcs
  18 giant cockroaches
  7 goblins
  4 hobgoblins
  5 jackals
  22 kobolds
  4 quokkas
  11 ball pythons
  6 bats
  9 frilled lizards
  2 quokka skeletons
  7 rats
  2 fungi (Lair:3)
410 creatures vanquished.

Vanquished Creatures (collateral kills)
  Gastronok (Lair:3)
  A hydra (Lair:3)
  An elephant (Lair:3)
  A hungry ghost (D:8)
  An ogre (D:8)
  2 wights (D:8)
  A howler monkey (D:8)
  2 orc wizards (D:8)
  A quokka (D:8)
11 creatures vanquished.

Vanquished Creatures (others)
  A hydra (Lair:3)
  An elephant (Lair:3)
  A centaur skeleton (D:10)
  A spiny frog (Lair:1)
  A hornet (D:10)
  A hippogriff (Lair:3)
  A dream sheep (Lair:2)
  A yak (Lair:2)
  2 porcupines
  A worker ant (D:10)
  3 fungi
  4 plants (Lair:3)
18 creatures vanquished.

Grand Total: 439 creatures vanquished

Notes
Turn   | Place    | Note
-------+----------+-------------------------------------------
     0 | D:1      | tognito the Minotaur Berserker began the quest for the Orb.
     0 | D:1      | Reached XP level 1. HP: 19/19 MP: 0/0
   128 | D:1      | Reached skill level 4 in Axes
   322 | D:1      | Reached XP level 2. HP: 23/26 MP: 1/1
   569 | D:1      | You fall through a shaft!
   637 | D:1      | Reached skill level 5 in Axes
   690 | D:1      | Reached ** piety under Trog
   741 | D:1      | Reached XP level 3. HP: 28/31 MP: 2/2
  1030 | D:2      | Found a radiant altar of Vehumet.
  1190 | D:2      | Found a burning altar of Makhleb.
  1196 | D:2      | Reached skill level 6 in Axes
  1196 | D:2      | Reached XP level 4. HP: 18/39 MP: 3/3
  2123 | D:3      | Reached XP level 5. HP: 43/45 MP: 4/4
  2193 | D:3      | Reached skill level 7 in Axes
  2194 | D:3      | Found a snail-covered altar of Cheibriados.
  2489 | D:3      | You fall through a shaft!
  2646 | D:4      | Reached skill level 8 in Axes
  2662 | D:4      | Reached XP level 6. HP: 15/51 MP: 5/5
  2932 | D:4      | Reached *** piety under Trog
  2934 | D:4      | Reached skill level 9 in Axes
  3022 | D:4      | Found a glowing drain.
  3042 | Sewer    | Entered a sewer
  3233 | Sewer    | Reached XP level 7. HP: 49/57 MP: 6/6
  3309 | Sewer    | Reached **** piety under Trog
  3313 | Sewer    | Reached skill level 10 in Axes
  3706 | D:3      | Found a bloodstained altar of Trog.
  4095 | D:5      | Entered Level 5 of the Dungeon
  4106 | D:5      | Noticed Ijyb
  4114 | D:5      | Killed Ijyb
  4114 | D:5      | Reached skill level 11 in Axes
  4152 | D:5      | Found a white marble altar of Elyvilon.
  4421 | D:5      | Reached XP level 8. HP: 64/64 MP: 7/7
  4488 | D:5      | Noticed Jaiteiro's ghost (novice CeHu)
  4505 | D:5      | Killed Jaiteiro's ghost
  4505 | D:5      | Reached skill level 12 in Axes
  4848 | D:5      | Reached skill level 13 in Axes
  5036 | D:5      | Found an ornate altar of the Wu Jian Council.
  5172 | D:6      | Reached XP level 9. HP: 42/70 MP: 8/8
  5180 | D:6      | Reached ***** piety under Trog
  5197 | D:6      | HP: 1/70 [iguana (8)]
  5200 | D:6      | Reached skill level 14 in Axes
  5462 | D:6      | Found a staircase to the Ecumenical Temple.
  5520 | D:6      | Gained mutation: You are surrounded by a mild repulsion field. (EV +2) [potion of mutation]
  5520 | D:6      | Gained mutation: You are agile. (Dex +2) [potion of mutation]
  5520 | D:6      | Gained mutation: You have large cloven feet. [potion of mutation]
  5520 | D:6      | Gained mutation: You are partially covered in icy blue scales. (AC +2) [potion of mutation]
  5716 | D:6      | Found a sparkling altar of Nemelex Xobeh.
  5814 | D:6      | Found Jaufap's Food Shoppe.
  6369 | D:7      | Reached skill level 1 in Bows
  6493 | D:7      | Found a shadowy altar of Dithmenos.
  6549 | D:7      | Found a shattered altar of Ashenzari.
  6643 | D:8      | Reached skill level 15 in Axes
  6716 | D:8      | Noticed Maurice
  6721 | D:8      | Noticed a two-headed ogre
  6730 | D:8      | Killed Maurice
  6730 | D:8      | Reached skill level 16 in Axes
  6740 | D:8      | Killed a two-headed ogre
  6740 | D:8      | Reached XP level 10. HP: 39/77 MP: 9/9
  7084 | D:8      | Noticed Hebeh's ghost (novice DDFi)
  7096 | D:8      | Killed Hebeh's ghost
  7096 | D:8      | Reached skill level 17 in Axes
  7269 | D:8      | Found an iron altar of Okawaru.
  7857 | D:9      | Noticed a two-headed ogre
  7864 | D:9      | Killed a two-headed ogre
  7864 | D:9      | Reached skill level 18 in Axes
  7883 | D:9      | Found Lojap's Changing Room.
  7901 | D:9      | Found a sparkling altar of Nemelex Xobeh.
  8400 | D:9      | Found an opulent altar of Gozag.
  8431 | D:9      | Received a gift from Trog
  8497 | D:9      | Reached XP level 11. HP: 82/82 MP: 10/10
  8728 | D:10     | Entered Level 10 of the Dungeon
  8828 | D:10     | Reached skill level 19 in Axes
  9192 | D:10     | Noticed a two-headed ogre
  9200 | D:10     | Killed a two-headed ogre
  9387 | D:10     | Found a staircase to the Lair.
  9500 | D:10     | Found Megad Kysu's General Store.
  9695 | Lair:1   | Entered Level 1 of the Lair of Beasts
  9783 | Lair:1   | Reached skill level 20 in Axes
  9842 | Lair:1   | Noticed a four-headed hydra
 10476 | Lair:1   | Killed a ten-headed hydra
 10476 | Lair:1   | Received a gift from Trog
 10909 | Lair:2   | Noticed Nergalle
 10924 | Lair:2   | Killed Nergalle
 10958 | Lair:2   | Reached XP level 12. HP: 86/90 MP: 11/11
 10963 | Lair:2   | Reached skill level 21 in Axes
 11860 | Lair:2   | Reached skill level 22 in Axes
 11904 | Lair:3   | Noticed an eight-headed hydra
 11907 | Lair:3   | Noticed Gastronok
 11911 | Lair:3   | Banished a nine-headed hydra
 11921 | Lair:3   | Killed Gastronok
 12035 | Lair:3   | Noticed a five-headed hydra
 12049 | Lair:3   | Killed a nine-headed hydra
 12346 | Lair:3   | Reached skill level 23 in Axes
 12432 | Lair:3   | Found a hole to the Spider Nest.
 12432 | Lair:3   | Noticed a seven-headed hydra
 12441 | Lair:3   | Killed a seven-headed hydra
 12462 | Lair:3   | Received a gift from Trog
 12462 | Lair:3   | Reached XP level 13. HP: 33/95 MP: 12/12
 12954 | Lair:3   | Splashed by an oklob plant's acid

Skill      XL: |  1  2  3  4  5  6  7  8  9 10 11 12 |
---------------+-------------------------------------+-----
Axes           | 4 5 6 8 9 11 13 16 18 20 23 | 23.3
Bows           | 1 |  1.9
Fighting       | |  3.6
Armour         | |  2.4
Dodging        | |  2.1

Action                   |  1- 3 |  4- 6 |  7- 9 | 10-12 | 13-15 || total
-------------------------+-------+-------+-------+-------+-------++-------
Melee: Hand axe          |    61 |   119 |       |       |       ||   180
       Headbutt          |    12 |    28 |    51 |    75 |     8 ||   174
       War axe           |       |    65 |   265 |       |       ||   330
       Kick              |       |       |    28 |   132 |    13 ||   173
       Battleaxe         |       |       |    15 |   148 |       ||   163
       Broad axe         |       |       |       |   287 |       ||   287
       Executioner's axe |       |       |       |       |    21 ||    21
 Fire: Shortbow          |       |       |    41 |    88 |     6 ||   135
Invok: Berserk           |       |     3 |     2 |     1 |       ||     6
       Brothers in Arms  |       |       |     1 |     2 |       ||     3
       Trog's Hand       |       |       |     1 |       |       ||     1
       Burn Spellbooks   |       |       |       |     1 |       ||     1
  Use: Potion            |     3 |     2 |     4 |     4 |       ||    13
       Scroll            |       |     4 |     7 |     4 |       ||    15
 Stab: Distracted        |       |       |       |     1 |       ||     1
  Eat: Chunk             |     1 |    22 |    11 |    26 |       ||    60
       Ration            |       |       |     1 |       |       ||     1
Armor: Animal skin       |     6 |       |       |       |       ||     6
       Ring mail         |     7 |    25 |       |       |       ||    32
       Scale mail        |       |    21 |    32 |       |       ||    53
       Chain mail        |       |       |    75 |    83 |       ||   158
       Plate armour      |       |       |       |   124 |     8 ||   132
Dodge: Dodged            |    39 |   111 |   141 |   169 |     5 ||   465
